Map: Orbital Shipyard

Players

PtitDrogo - Winner!

  • Race: Protoss Protoss
  • League: Master

JeaL

  • Race: Protoss Protoss
  • League: Master

Event: DreamHack ZOWIE Open Leipzig

VOD

Have the link to the VOD?

Description

Time

  • Played on: Jan. 22, 2016, 7:44 a.m.
  • Length: 4:43

All games in this series

Show
View Real Time Build Order
Export as new Build Order

PtitDrogo Protoss - Winner!

Build Orders: 1 Gate Expand, Dark Templar Rush 

Get SALT Encoding   

  12  0:01  Probe (Chrono Boost)  
  13  0:12  Probe (Chrono Boost)  
  14  0:17  Pylon  
  14  0:22  Probe (Chrono Boost)  
  16  0:35  Gateway, Probe (Chrono Boost)  
  16  0:41  Assimilator  
  16  0:46  Probe (Chrono Boost)  
  17  0:56  Probe (Chrono Boost)  
  18  1:07  Probe (Chrono Boost)  
  19  1:18  Nexus  
  19  1:23  Probe (Chrono Boost)  
  20  1:30  Cybernetics Core  
  20  1:34  Probe (Chrono Boost)  
  20  1:38  Assimilator  
  21  1:45  Probe (Chrono Boost)  
  22  1:49  Pylon  
  22  1:55  Probe (Chrono Boost)  
  23  2:07  Probe (Chrono Boost), Adept (Chrono Boost)  
  26  2:10  Warp Gate (Chrono Boost)  
  26  2:18  Twilight Council  
  26  2:19  Probe  
  27  2:29  Probe  
  27  2:31  Probe  
  27  2:33  Adept (Chrono Boost)  
  31  2:39  Probe  
  31  2:43  Probe  
  33  2:46  Assimilator  
  33  2:50  Probe  
  33  2:55  Probe, Dark Shrine  
  35  3:00  Adept (Chrono Boost)  
  37  3:08  Probe  
  38  3:15  Probe  
  37  3:24  Mothership Core  
  37  3:25  Probe  
  39  3:28  Pylon  
  40  3:36  Probe  
  39  3:45  Probe  
  39  3:46  Probe  
  40  3:49  Robotics Facility  
  40  3:55  Pylon  
  40  3:57  Probe x2  
  42  4:07  Gateway, Probe  
  42  4:08  Gateway  
  42  4:09  Probe  
  44  4:11  Dark Templar  
  46  4:18  Probe, Pylon  
  46  4:21  Probe  
  48  4:29  Probe  
Show
View Real Time Build Order
Export as new Build Order

JeaL Protoss 

Build Orders: Nexus First 

Get SALT Encoding   

  12  0:01  Probe (Chrono Boost)  
  13  0:11  Probe (Chrono Boost)  
  14  0:17  Pylon  
  14  0:22  Probe (Chrono Boost)  
  15  0:36  Probe (Chrono Boost)  
  16  0:46  Probe (Chrono Boost)  
  17  0:56  Nexus  
  17  1:06  Gateway  
  17  1:10  Probe (Chrono Boost)  
  18  1:16  Assimilator  
  18  1:20  Probe (Chrono Boost)  
  18  1:24  Assimilator  
  19  1:31  Probe (Chrono Boost)  
  20  1:36  Gateway  
  20  1:41  Probe (Chrono Boost)  
  21  1:52  Probe (Chrono Boost)  
  22  1:56  Cybernetics Core  
  22  2:02  Probe (Chrono Boost)  
  23  2:13  Probe (Chrono Boost)  
  23  2:15  Probe (Chrono Boost)  
  25  2:24  Probe (Chrono Boost)  
  25  2:26  Probe (Chrono Boost)  
  27  2:32  Adept (Chrono Boost)  
  27  2:33  Adept (Chrono Boost)  
  27  2:34  Warp Gate (Chrono Boost)  
  27  2:35  Probe  
  34  2:37  Mothership Core (Chrono Boost)  
  34  2:43  Pylon  
  34  2:47  Probe (Chrono Boost)  
  34  2:50  Pylon  
  35  2:58  Stalker, Probe (Chrono Boost)  
  36  3:03  Probe (Chrono Boost)  
  39  3:06  Stalker  
  40  3:18  Probe x2 (Chrono Boost)  
  41  3:28  Probe x2 (Chrono Boost)  
  41  3:31  Stalker  
  43  3:42  Probe x2 (Chrono Boost)  
  43  3:44  Twilight Council  
  43  3:47  Gateway  
  43  3:49  Pylon  
  43  3:52  Probe (Chrono Boost)  
  43  3:53  Probe (Chrono Boost)  
  43  3:55  Pylon  
  45  3:58  Stalker  
  48  4:02  Probe (Chrono Boost)  
  48  4:03  Probe  
  49  4:10  Robotics Facility  
  49  4:13  Assimilator  
  49  4:15  Probe  
  49  4:16  Probe  
  51  4:27  Probe  
  51  4:28  Probe  
  53  4:35  Assimilator  
  53  4:38  Pylon  

Tags
 
Add a new tag
Caveats
  • Supply blocks, unpowered buildings, or Contaminate may cause inaccurate times.
  • Supply counts are checked every 10 seconds.